 Dungeon Crawl Stone Soup version 0.24.0-2-g5b39cebb1c (webtiles) character file.

Game seed: 13409710363561845203, levelgen mode: deterministic

46 theanonym the Cudgeler (level 3, -1/29 HPs)
             Began as a Demonspawn Monk on Oct 30, 2019.
             Slain by a gnoll
             ... wielding a +0 whip
              (6 damage)
             ... on level 2 of the Dungeon.
             The game lasted 00:01:14 (1143 turns).

theanonym the Cudgeler (Demonspawn Monk)            Turns: 1143, Time: 00:01:14

Health: -1/29      AC:  5    Str: 12    XL:     3   Next: 44%
Magic:  3/3        EV: 11    Int: 11    God:
Gold:   58         SH:  0    Dex: 17    Spells: 2/2 levels left

rFire    . . .     SeeInvis .   a - +0 mace
rCold    . . .     Gourm    .   (no shield)
rNeg     . . .     Faith    .   j - +0 ring mail
rPois    .         Spirit   .   (helmet restricted)
rElec    .         Reflect  .   (no cloak)
rCorr    .         Harm     .   (no gloves)
MR       .....                  (no boots)
Stlth    ++........             (no amulet)
HPRegen  0.09/turn              (no ring)
MPRegen  0.08/turn              (no ring)

@: no status effects
A: antennae 1, talons 1, agile 1, nightstalker 1, powered by death 1
a: no special abilities


Innate Abilities, Weirdness & Mutations

You are slightly more attuned to the shadows.
You regenerate a little health from kills.
You have a pair of small antennae on your head.
You have sharp toenails.
You are agile. (Dex +2)


   Skills:
 - Level 3.0 Fighting
 + Level 4.1 Maces & Flails
 - Level 2.6 Dodging
 - Level 1.7 Stealth


You had 2 spell levels left.
You didn't know any spells.
Your spell library was empty.

Skill      XL: |  1  2  3 |
---------------+----------+-----
Maces & Flails | 3 4 |  4.1
Fighting       | |  3.0
Dodging        | |  2.6
Stealth        | |  1.7

Action                   || total
-------------------------++-------
Melee: Mace              ||    80
       Kick              ||     3
  Use: Potion            ||     2
 Stab: Sleeping          ||     2
  Eat: Chunk             ||     1
Armor: Robe              ||     6
       Ring mail         ||    32
Dodge: Dodged            ||    67

Inventory:

Hand Weapons
 a - a +0 mace (weapon)
Armour
 b - a +0 robe
 j - a +0 ring mail (worn)
Scrolls
 d - a scroll of immolation {unknown}
 i - a scroll of remove curse {unknown}
Potions
 g - a potion of resistance {unknown}
 h - a potion of haste {unknown}
Comestibles
 e - a ration
 f - 2 chunks of flesh


You were on level 2 of the Dungeon.
You were not hungry.

You visited 1 branch of the dungeon, and saw 2 of its levels.

You collected 58 gold pieces.

Dungeon Overview and Level Annotations

Branches:
Dungeon (2/15)

Altars:
Ashenzari
Gozag

...^.. #....#####
#. .#..#
#..#...>.## #.
.).##
##..####..####.
#...## ##.#
##......
#####.#.<## #.###
##.###.
#......[..# #...#
#..##.
#.........##
###.## ######
#...รท......####
#..# ##_##
#..........g@.#
#..# 8...8
#.........###.#
##..# .....#
#.........#
#.####...# ....._
#.........#
#........##.....#
#.........#
########.#
#.........# #.#
########### #.#
.# .#


You could see a gnoll.

Notes
Turn   | Place    | Note
-------+----------+-------------------------------------------
     0 | D:1      | theanonym the Demonspawn Monk began the quest for the Orb.
     0 | D:1      | Reached XP level 1. HP: 18/18 MP: 1/1
   191 | D:1      | Reached skill level 3 in Maces & Flails
   340 | D:1      | HP: 7/18 [hobgoblin (3)]
   570 | D:1      | Gained mutation: You regenerate a little health from kills.
                  | [demonic ancestry]
   570 | D:1      | Reached XP level 2. HP: 24/24 MP: 2/2
   795 | D:2      | HP: 11/24 [jackal (3)]
   796 | D:2      | HP: 3/24 [jackal (3)]
   804 | D:1      | HP: 2/36 [jackal (2)]
  1064 | D:2      | Found an opulent altar of Gozag.
  1064 | D:2      | Found a shattered altar of Ashenzari.
  1134 | D:2      | Gained mutation: You are slightly more attuned to the
                  | shadows. [demonic ancestry]
  1134 | D:2      | Reached XP level 3. HP: 20/29 MP: 3/3
  1136 | D:2      | HP: 12/29 [gnoll (7)]
  1137 | D:2      | Gained mutation: You are agile. (Dex +2) [potion of
                  | mutation]
  1137 | D:2      | Gained mutation: You have a pair of small antennae on your
                  | head. [potion of mutation]
  1137 | D:2      | Gained mutation: You have sharp toenails. [potion of
                  | mutation]
  1139 | D:2      | Reached skill level 4 in Maces & Flails
  1141 | D:2      | HP: 14/29 [gnoll/+0 whip (3)]
  1143 | D:2      | HP: 5/29 [gnoll/+0 whip (9)]
  1143 | D:2      | Slain by a gnoll

Vanquished Creatures
  2 gnolls (D:2)
  An ooze (D:2)
  4 bats
  2 giant cockroaches
  2 hobgoblins (D:1)
  4 jackals
  2 quokkas (D:2)
  A frilled lizard (D:1)
  2 rats (D:1)
20 creatures vanquished.

Table legend:
 A = Turns spent in this place as a percentage of turns spent in the entire game.
 B = Non-inter-level travel turns spent in this place as a percentage of non-inter-level travel turns spent in the entire game.
 C = Inter-level travel turns spent in this place as a percentage of turns spent in this place.
 D = Turns resting spent in this place as a percentage of non-inter-level travel turns spent in this place.
 E = Turns spent auto-exploring this place as a percentage of non-inter-level travel turns spent in this place.
 F = Non-inter-level travel turns spent in this place divided by the number of levels of this place that you've seen.
                   A       B       C       D       E      F
               +-------+-------+-------+-------+-------+----------------------
         Total | 100.0 | 100.0 |   1.2 |  38.4 |  46.1 | 564.5
       Dungeon | 100.0 | 100.0 |   1.2 |  38.4 |  46.1 | 564.5
               +-------+-------+-------+-------+-------+----------------------
